 Dungeon Crawl Stone Soup version 0.22.1-2-g9c5b331383 (webtiles) character file.

592 Jynx the Vexing (level 7, 0/32 HPs)
             Began as a Spriggan Enchanter on Dec 22, 2018.
             Slain by a gnoll
             ... wielding a +0 spear
              (13 damage)
             ... on level 3 of the Dungeon.
             The game lasted 00:11:32 (5838 turns).

Jynx the Vexing (Spriggan Enchanter)                Turns: 5838, Time: 00:11:32

Health: 0/32       AC:  2    Str:  4    XL:     7   Next: 16%
Magic:  2/14       EV: 21    Int: 17    God:
Gold:   180        SH:  0    Dex: 18    Spells: 6/15 levels left

rFire    . . .     SeeInvis +   a - +2 dagger
rCold    + . .     Gourm    .   (shield restricted)
rNeg     . . .     Faith    .   b - +0 robe
rPois    .         Spirit   .   (helmet restricted)
rElec    .         Reflect  .   (no cloak)
rCorr    .         Harm     .   (gloves unavailable)
MR       +....                  (boots unavailable)
Stlth    ++++......             (no amulet)
HPRegen  0.10/turn              (no ring)
MPRegen  0.14/turn              l - ring of protection from cold

@: very quick
A: very small, unfitting armour, see invisible, herbivore, speed 3, slow
metabolism 2
a: no special abilities


You were on level 3 of the Dungeon.
You were not hungry.

You visited 1 branch of the dungeon, and saw 3 of its levels.

You collected 180 gold pieces.

Inventory:

Hand Weapons
 a - a +2 dagger (weapon)
Armour
 b - a +0 robe (worn)
Jewellery
 l - a ring of protection from cold (right hand)
Wands
 i - a wand of clouds (6)
Scrolls
 f - a scroll of magic mapping
 j - a scroll of amnesia {unknown}
Potions
 c - a potion of heal wounds {unknown}
 e - a potion of magic {unknown}
 g - a potion of lignification {unknown}
 h - a potion of might {unknown}
 k - 2 potions of curing {unknown}
 m - a potion of degeneration {unknown}
 n - 2 potions of flight {unknown}
Comestibles
 d - a ration


   Skills:
 + Level 3.4 Short Blades
 + Level 5.2 Dodging
 + Level 6.4 Stealth
 + Level 4.5 Spellcasting
 * Level 6.6 Hexes


You had 6 spell levels left.
You knew the following spells:

 Your Spells              Type           Power        Failure   Level  Hunger
a - Corona                Hex            ####...      1%          1    None
b - Ensorcelled Hibernat  Hex/Ice        ###...       6%          2    ##.....
c - Confuse               Hex            ####....     3%          3    ###....
d - Tukima's Dance        Hex            ####....     3%          3    ###....

Your spell library contained the following spells:

 Spells                   Type           Power        Failure   Level  Hunger
 Dazzling Spray           Conj/Hex       ###...       12%         3    ###....


Dungeon Overview and Level Annotations

Branches:
Dungeon (3/15)

Altars:
The Shining One


Innate Abilities, Weirdness & Mutations

You are very small and have problems with some larger weapons.
You are too small for most types of armour.
You have supernaturally acute eyesight. (SInv)
You are a herbivore.
You cover ground extremely quickly.
You need to consume almost no food.


Message History

The gnoll barely misses you.
You hit the gnoll.
You kill the gnoll!
The gnoll hits you but does no damage.
There is an open door here.
Things that are here:
a halberd; a gnoll corpse x2
You hit the gnoll.
The gnoll is lightly wounded.
The gnoll misses you.
You hit the gnoll.
The gnoll is heavily wounded.
The gnoll closely misses you.
You barely miss the gnoll.
The gnoll is heavily wounded.
The gnoll misses you.
You hit the gnoll.
The gnoll is severely wounded.
The gnoll hits you with a spear!
You die...

#....≈≈###'#....'.
#....≈≈≈.#.#.)..#
#....≈≈≈.#.#(...#
#....≈≈≈.#.###'##
#....≈≈≈.#..g.g(#
#.P..≈≈≈.#gg[...#
#....≈≈≈.#.#################
#....≈≈≈.#g#....)).....#....
#....≈≈≈.#.@....†......'....
#....≈≈###'#...........#....
#...P≈≈#...#############''''
#....≈≈#...#................
#....≈≈#####≈≈≈≈≈≈≈≈≈≈≈≈....
#....≈≈≈≈≈≈≈≈≈≈≈≈≈≈≈≈≈≈≈....
#P...≈≈≈≈≈≈≈≈≈≈≈≈≈≈≈≈≈≈≈....
#...........................
####........###########>)...


You could see 2 gnolls.

Vanquished Creatures
  Grinder (D:3)
  A gnoll shaman (D:3)
  An orc priest (D:3)
  Ijyb (D:3)
  15 gnolls (D:3)
  5 adders
  2 oozes
  2 worms (D:2)
  3 dart slugs
  3 leopard geckos (D:2)
  3 orcs (D:3)
  6 bats
  2 giant cockroaches
  6 goblins
  8 hobgoblins
  19 jackals
  A ball python (D:3)
  5 frilled lizards
  4 kobolds
  15 rats (D:1)
103 creatures vanquished.

Vanquished Creatures (collateral kills)
  3 gnolls (D:3)
  2 orcs (D:3)
5 creatures vanquished.

Vanquished Creatures (others)
  7 dancing weapons (D:3)
7 creatures vanquished.

Grand Total: 115 creatures vanquished

Notes
Turn   | Place    | Note
-------+----------+-------------------------------------------
     0 | D:1      | Jynx the Spriggan Enchanter began the quest for the Orb.
     0 | D:1      | Reached XP level 1. HP: 9/9 MP: 5/5
    65 | D:1      | Reached XP level 2. HP: 6/13 MP: 6/6
   504 | D:1      | Learned a level 2 spell: Ensorcelled Hibernation
   943 | D:1      | Reached XP level 3. HP: 16/16 MP: 8/8
  1405 | D:2      | Learned a level 3 spell: Confuse
  1425 | D:2      | Reached skill level 5 in Stealth
  1708 | D:2      | Reached XP level 4. HP: 21/21 MP: 9/9
  1713 | D:2      | Learned a level 3 spell: Tukima's Dance
  2862 | D:3      | Noticed Grinder
  2864 | D:3      | Paralysed by Grinder for 5 turns
  3027 | D:3      | Reached skill level 5 in Hexes
  3335 | D:3      | Reached XP level 5. HP: 16/24 MP: 2/11
  4579 | D:3      | Killed Grinder
  4579 | D:3      | Reached XP level 6. HP: 23/28 MP: 8/13
  4772 | D:3      | Noticed Ijyb
  4831 | D:3      | Killed Ijyb
  4913 | D:3      | Found a glowing golden altar of the Shining One.
  5313 | D:3      | Reached skill level 5 in Dodging
  5629 | D:3      | Reached XP level 7. HP: 32/32 MP: 10/14
  5838 | D:3      | Slain by a gnoll

Skill      XL: |  1  2  3  4  5  6 |
---------------+-------------------+-----
Hexes          | 4 5 6 |  6.6
Spellcasting   | 3 4 |  4.5
Stealth        | 5 6 |  6.4
Short Blades   | 2 3 |  3.4
Dodging        | 4 5 |  5.2

Action                   |  1- 3 |  4- 6 |  7- 9 || total
-------------------------+-------+-------+-------++-------
Melee: Dagger            |   141 |   266 |    46 ||   453
 Cast: Corona            |     5 |       |       ||     5
       Ensorcelled Hiber |     8 |    18 |     1 ||    27
       Confuse           |     1 |    19 |     3 ||    23
       Tukima's Dance    |       |     9 |     5 ||    14
  Use: Scroll            |     2 |     4 |       ||     6
 Stab: Sleeping          |    10 |    22 |       ||    32
       Confused          |       |     9 |     3 ||    12
       Distracted        |       |     1 |     1 ||     2
  Eat: Ration            |       |     3 |     1 ||     4
Armor: Robe              |     8 |    14 |       ||    22
Dodge: Dodged            |    95 |   226 |    66 ||   387
